 Dungeon Crawl Stone Soup version 0.14-a0-40-g75911bd (webtiles) character file.

420 Malachi the Cudgeler (level 6, -1/63 HPs)
             Began as an Ogre Berserker on Sept 28, 2013.
             Was a Priest of Trog.
             Slain by an orc
             ... wielding a -1,+1 orcish flail
              (8 damage)
             ... on Level 3 of the Dungeon.
             The game lasted 00:06:51 (3567 turns).

Malachi the Cudgeler (Ogre Berserker)               Turns: 3567, Time: 00:06:51

HP  -1/63        AC  4     Str 25      XL: 6   Next: 29%
MP   5/5         EV 11     Int  6      God: Trog [***...]
Gold 136         SH  0     Dex  9      Spells:  0 memorised,  5 levels left

Res.Fire  : . . .   See Invis. : .   a - +0 mace
Res.Cold  : . . .   Warding    : .   b - +0 animal skin
Life Prot.: . . .   Conserve   : .   (shield restricted)
Res.Poison: .       Res.Corr.  : .   (helmet restricted)
Res.Elec. : .       Clarity    : .   k - +0 cloak
Sust.Abil.: . .     Spirit.Shd : .   (gloves unavailable)
Res.Mut.  : .       Stasis     : .   (boots unavailable)
Res.Rott. : .       Flight     : .   (no amulet)
Saprovore : + . .                    (no ring)
                                     (no ring)

@: invisible, exhausted, slowed, very slow, slightly resistant to hostile
enchantments, very unstealthy
A: unfitting armour, fast metabolism 1, saprovore 1, tough skin 1
a: Burn Spellbooks, Berserk, Trog's Hand, Renounce Religion


You were on level 3 of the Dungeon.
You worshipped Trog.
Trog was most pleased with you.
You were near starving.

You visited 1 branch of the dungeon, and saw 4 of its levels.

You collected 116 gold pieces.

Inventory:

Hand weapons
 a - a +0,+0 mace (weapon)
 u - a +5,+3 scythe of dragon slaying
Missiles
 m - 2 tomahawks (quivered)
Armour
 b - a +0 animal skin (worn)
 k - a +0 cloak (worn)
Comestibles
 c - 2 meat rations
 j - a sausage
 p - 5 sultanas
 q - a bread ration
 r - a rotting chunk of gnoll flesh
Scrolls
 d - 2 scrolls of teleportation {unknown}
 e - a scroll of recharging {unknown}
 h - a scroll of blinking {unknown}
 i - 7 scrolls of identify {unknown}
 n - a scroll of curse weapon {unknown}
 o - a scroll of enchant weapon I {unknown}
Jewellery
 f - a +4 ring of protection {unknown}
 g - an uncursed amulet of the gourmand {unknown}
Potions
 l - a potion of curing {unknown}


   Skills:
 * Level 5.3 Fighting
 * Level 5.7 Maces & Flails
 + Level 0.2 Polearms
 + Level 0.2 Throwing
 + Level 5.0 Dodging
 + Level 0.1 Stealth


You had 5 spell levels left.
You didn't know any spells.

Dungeon Overview and Level Annotations

Branches:
Dungeon (4/27)
 Temple: D:4-7

Altars:
Trog
Xom


Innate Abilities, Weirdness & Mutations

You are too large for most types of armour.
You have a fast metabolism.
You can tolerate rotten meat.
You have tough skin (AC +1).


Message History

The orc hits you with an orcish flail.
* * * LOW HITPOINT WARNING * * *
You are too injured to fight recklessly!
You are too injured to fight recklessly!
You are too injured to fight recklessly!
You barely miss the orc priest.
The orc priest is moderately wounded.
The orc hits you with an orcish flail.
* * * LOW HITPOINT WARNING * * *
The orc priest glows brightly for a moment.
The orc barely misses you.
The orc priest prays to Beogh.
You feel troubled.
Drink which item? (? for menu, Esc to quit)
You fade into invisibility!
The orc hits you with an orcish flail.
* * * LOW HITPOINT WARNING * * *
The orc priest becomes somewhat translucent.
The orc hits you with an orcish flail!
You die...

# #....##.# #.# #.. # +....##.#
#.# #.. # #....##.# #.# #.. #
#...<##.# #.# #.. #######+#
#...###.# #.# ##. .#.......
##'##...####.# ##.
.#.........#####.#.........####..
.%..............oo.........%.....
.#.........####.@o.######.)[.....
....##### #(#..# #.#####.. ..#.#
#.#..# #.....+.. ..#.#####
#.#.(############.. ........#
#.#..#............. #.#.###.#
#.#.........###.... #.#.#
#.#....#........... ..#.#
#.#................ ..#.#
#.#.##.#.#..##.####


You could see an orc priest and 2 orcs.

Vanquished Creatures
  Sigmund (D:3)
  An orc priest (D:3)
  An orc wizard (D:3)
  A worker ant (D:3)
  3 adders (D:2)
  2 gnolls (D:3)
  10 orcs (D:3)
  5 giant cockroaches
  4 goblins
  9 hobgoblins
  11 jackals
  A quokka (D:2)
  A ball python (D:2)
  9 bats
  4 giant geckos
  3 giant newts
  8 kobolds
  2 rats
76 creatures vanquished.

Notes
Turn   | Place    | Note
--------------------------------------------------------------
     0 | D:1      | Malachi, the Ogre Berserker, began the quest for the Orb.
     0 | D:1      | Reached XP level 1. HP: 23/23 MP: 0/0
   452 | D:1      | Reached XP level 2. HP: 32/32 MP: 1/1
  1266 | D:2      | Reached XP level 3. HP: 35/39 MP: 2/2
  1309 | D:2      | Found a bloodstained altar of Trog.
  1316 | D:2      | Acquired Trog's second power
  1489 | D:2      | Reached XP level 4. HP: 48/48 MP: 3/3
  1935 | D:2      | Found a shimmering altar of Xom.
  2628 | D:3      | Reached XP level 5. HP: 42/55 MP: 4/4
  2822 | D:3      | Reached skill level 5 in Maces & Flails
  2873 | D:3      | Noticed Sigmund
  2889 | D:3      | Killed Sigmund
  2889 | D:3      | Reached skill level 5 in Fighting
  2889 | D:3      | Reached XP level 6. HP: 47/63 MP: 5/5
  3227 | D:3      | Reached skill level 5 in Dodging
  3567 | D:3      | Slain by an orc

Action                   |  1- 3 |  4- 6 || total
-------------------------+-------+-------++-------
Melee: Mace              |   126 |   121 ||   247
       Scythe            |       |     9 ||     9
Throw: Tomahawk          |       |     2 ||     2
Invok: Berserk           |     2 |     3 ||     5
  Use: Potion            |       |     2 ||     2
